 Dungeon Crawl Stone Soup version 0.21.1-1-g345015f (webtiles) character file.

9027 Hebeh the Cleaver (level 11, -2/102 HPs)
             Began as a Deep Dwarf Fighter on June 17, 2018.
             Was a Believer of Makhleb.
             Slain by a two-headed ogre
             ... wielding a +0 giant club
              (16 damage)
             ... on level 10 of the Dungeon on June 18, 2018.
             The game lasted 01:17:16 (8551 turns).

Hebeh the Cleaver (Deep Dwarf Fighter)              Turns: 8551, Time: 01:17:17

Health: -2/102     AC: 15    Str: 22    XL:     11   Next: 17%
Magic:  4/4        EV:  5    Int: 10    God:    Makhleb [**....]
Gold:   444        SH: 12    Dex: 12    Spells: 10/10 levels left

rFire    . . .     SeeInvis .   a - +0 war axe
rCold    + . .     Gourm    .   c - +0 shield
rNeg     . . .     Faith    .   m - +0 plate armour
rPois    .         Spirit   .   (no helmet)
rElec    .         Reflect  .   (no cloak)
rCorr    .         Harm     .   (no gloves)
MR       ++...                  M - +0 pair of boots
Stlth    ..........             (no amulet)
HPRegen  0.00/turn              g - ring of protection from magic
MPRegen  0.09/turn              u - ring of protection from cold

@: non-regenerating
A: damage resistance, heal wounds, sense surroundings 2, no regeneration
a: Heal Wounds, Minor Destruction, Renounce Religion


You were on level 10 of the Dungeon.
You worshipped Makhleb.
Makhleb was pleased with you.
You were not hungry.

You visited 2 branches of the dungeon, and saw 11 of its levels.
You also visited: Sewer.

You collected 444 gold pieces.

Inventory:

Hand Weapons
 a - a +0 war axe (weapon)
 y - a +4 whip
 A - a +2 mace
 G - a +0 triple sword
Armour
 c - a +0 shield (worn)
 m - a +0 plate armour (worn)
 x - a +1 ring mail of poison resistance
 J - a +2 ring mail of fire resistance
 M - a +0 pair of boots (worn)
Jewellery
 b - a +5 amulet of reflection {unknown}
 g - a ring of protection from magic (left hand)
 u - a ring of protection from cold (right hand)
Wands
 q - a wand of polymorph (14)
 F - a wand of digging (6)
 H - a wand of iceblast (7)
 I - a wand of paralysis (25)
Scrolls
 e - 3 scrolls of magic mapping
 l - 7 scrolls of remove curse
 n - a scroll of immolation
 p - a scroll of silence {unknown}
 w - 3 scrolls of blinking
 B - 2 scrolls of teleportation
 D - 2 scrolls of enchant armour
 E - a scroll of summoning {unknown}
 K - a scroll of fog {unknown}
Potions
 d - 4 potions of might
 h - 2 potions of heal wounds
 i - a potion of lignification {unknown}
 j - 9 potions of curing
 k - a potion of invisibility {unknown}
 o - 3 potions of flight
 r - 2 potions of degeneration {unknown}
 s - 2 potions of resistance {unknown}
 t - 2 potions of haste
 v - a potion of berserk rage {unknown}
 z - 3 potions of agility
 C - 2 potions of cancellation
 L - a potion of brilliance
Comestibles
 f - 3 rations
 N - 10 chunks of flesh


   Skills:
 + Level 7.7 Fighting
 * Level 12.0 Axes
 + Level 9.2 Armour
 + Level 9.2 Shields


You had 10 spell levels left.
You didn't know any spells.

Dungeon Overview and Level Annotations

Branches:
Dungeon (10/15)            Temple (1/1) D:5
   Lair: D:8-11         Orc: D:9-12

Altars:
Ashenzari
Cheibriados
Dithmenos
Elyvilon
Fedhas
Gozag
Hepliaklqana
Kikubaaqudgha
Makhleb
Nemelex Xobeh
Okawaru
Qazlal
Ru
Sif Muna
Trog
Uskayaw
Vehumet
Wu Jian
Xom
Yredelemnul
Zin
The Shining One

Shops:
D:5 :   D:6 ?   D:10 !*%

Annotations:
D:3 Hebeh's ghost, amateur DDFi; Sigmund
D:6 LairdRich's ghost, novice GrFi
D:7 exclusion: 3 downstairs
D:8 Abmis123's ghost, novice GrFE


Innate Abilities, Weirdness & Mutations

You are resistant to damage.
You can heal yourself by infusing magical energy.
You passively map the area around you.
You do not regenerate.


Message History

You are too injured to fight recklessly!
You are too injured to fight recklessly!
You are too injured to fight recklessly!
You are too injured to fight recklessly!
You slash the two-headed ogre!
The two-headed ogre is heavily wounded.
The two-headed ogre hits you with a giant club!!
* * * LOW HITPOINT WARNING * * *
You block the two-headed ogre's attack.
You barely miss the two-headed ogre.
The two-headed ogre is heavily wounded.
You hit the two-headed ogre but do no damage.
The two-headed ogre is heavily wounded.
The two-headed ogre hits you with a giant club!
* * * LOW HITPOINT WARNING * * *
The two-headed ogre closely misses you.
You hit the two-headed ogre.
The two-headed ogre is heavily wounded.
The two-headed ogre hits you with a giant club!!
You die...

.# #........#..# #..#.##
##
########.#..####.....##
#####.#..#......#..# ##
###..................##
.# , ,
,....%...#..............
.# *,
###.###.#..####.####...
.# #.*##.#..# #.# #.##
.# * *.##.....# #.####.#
.# #.,.#.@....#
#.##..)## .# *
#.*#.O.....# #.....(..
.# *,* ##.##.......#
####.#### .#
##...#.#...#.# #)# .# *
##......##.##.# #># .#
..............# #(# .# *
##......####### #<# ##
##.........# #(#
####..#⌠.⌠#########(# ##


You could see a two-headed ogre.

Vanquished Creatures
  3 two-headed ogres
  An unseen horror (D:10)
  A cyclops (D:10)
  Psyche (D:10)
  2 centaur skeletons (D:10)
  2 trolls (D:10)
  Grinder (D:5)
  2 hippogriffs
  7 yaks
  A human (D:8)
  2 hungry ghosts
  A black bear (D:9)
  2 orc warriors
  3 sky beasts
  3 ogres
  A centaur (D:10)
  Blork the orc (D:5)
  6 bullfrogs
  2 scorpions
  4 killer bees (D:7)
  5 wights
  A crimson imp (D:7)
  2 bullfrog zombies
  A centaur zombie (D:8)
  6 hounds
  A jelly (D:5)
  3 orc priests
  A bullfrog skeleton (D:8)
  An iguana (D:10)
  7 orc wizards
  5 worker ants
  A hound zombie (D:6)
  A worker ant zombie (D:5)
  3 gnolls (D:8)
  5 adders
  A howler monkey skeleton (D:10)
  4 shadow imps
  An adder skeleton (D:5)
  2 worms (D:2)
  4 leopard geckos
  29 orcs
  6 ball pythons
  10 bats
  6 giant cockroaches
  11 goblins
  9 hobgoblins
  14 jackals
  21 kobolds
  5 quokkas
  8 frilled lizards
  9 rats
229 creatures vanquished.

Vanquished Creatures (others)
  3 fungi (D:9)
  4 plants
7 creatures vanquished.

Grand Total: 236 creatures vanquished

Notes
Turn   | Place    | Note
-------+----------+-------------------------------------------
     0 | D:1      | Hebeh the Deep Dwarf Fighter began the quest for the Orb.
     0 | D:1      | Reached XP level 1. HP: 20/20 MP: 1/1
    94 | D:1      | Reached XP level 2. HP: 22/27 MP: 2/2
   532 | D:1      | Reached skill level 3 in Axes
   594 | D:1      | Reached XP level 3. HP: 18/33 MP: 3/3
  1082 | D:2      | Reached XP level 4. HP: 41/42 MP: 3/3
  1761 | D:3      | Reached skill level 4 in Axes
  1795 | D:3      | Reached XP level 5. HP: 47/49 MP: 4/4
  1818 | D:3      | Found an iron altar of Okawaru.
  1860 | D:3      | Noticed Hebeh's ghost (amateur DDFi)
  1910 | D:3      | Noticed Sigmund
  2616 | D:4      | Reached XP level 6. HP: 40/56 MP: 5/5
  2853 | D:5      | Entered Level 5 of the Dungeon
  2933 | D:5      | Found a glowing drain.
  2942 | Sewer    | Entered a sewer
  3306 | D:5      | Noticed Blork the orc
  3365 | D:5      | Killed Blork the orc
  3365 | D:5      | Reached skill level 5 in Axes
  3421 | D:5      | HP: 1/57 [ogre/giant club (17)]
  3446 | D:5      | Reached XP level 7. HP: 49/64 MP: 5/5
  3569 | D:5      | Found Owozyn's Book Shoppe.
  3650 | D:5      | Found a staircase to the Ecumenical Temple.
  3658 | D:5      | Noticed Grinder
  3660 | Temple   | Entered the Ecumenical Temple
  3716 | Temple   | Became a worshipper of Makhleb the Destroyer
  3745 | D:5      | Reached skill level 5 in Shields
  3802 | D:5      | Killed Grinder
  3802 | D:5      | Reached skill level 6 in Axes
  3802 | D:5      | Reached skill level 5 in Armour
  4089 | D:6      | Found Loyvog's Magic Scroll Boutique.
  4115 | D:6      | Noticed LairdRich's ghost (novice GrFi)
  4262 | D:7      | Reached XP level 8. HP: 43/73 MP: 6/6
  4386 | D:7      | Reached skill level 7 in Axes
  4849 | D:7      | Reached skill level 5 in Fighting
  4942 | D:7      | Noticed a hippogriff
  4953 | D:7      | Killed a hippogriff
  5113 | D:7      | Reached * piety under Makhleb
  5137 | D:7      | Reached skill level 8 in Axes
  5195 | D:8      | Noticed Abmis123's ghost (novice GrFE)
  5483 | D:7      | Gained mutation: You passively map the area around you. [Deep Dwarf growth]
  5483 | D:7      | Reached XP level 9. HP: 79/81 MP: 6/6
  5795 | D:8      | Reached skill level 9 in Axes
  5860 | D:8      | Noticed a two-headed ogre
  5877 | D:8      | Killed a two-headed ogre
  6049 | D:9      | Found a blossoming altar of Fedhas.
  6588 | D:9      | Reached skill level 10 in Axes
  6612 | D:9      | Reached ** piety under Makhleb
  6620 | D:9      | Reached XP level 10. HP: 52/92 MP: 7/7
  7612 | D:10     | Entered Level 10 of the Dungeon
  7619 | D:10     | Found Moschal's Food Boutique.
  7671 | D:10     | Killed an unseen horror
  7808 | D:10     | Reached skill level 11 in Axes
  7881 | D:10     | Noticed a two-headed ogre
  7927 | D:10     | Killed a two-headed ogre
  7937 | D:10     | Noticed a cyclops
  7956 | D:10     | Killed a cyclops
  8204 | D:10     | Found Aqueryn's Distillery.
  8241 | D:10     | Noticed a two-headed ogre
  8269 | D:10     | Killed a two-headed ogre
  8269 | D:10     | Reached XP level 11. HP: 49/100 MP: 4/4
  8340 | D:10     | Paralysed by fainting for 10 turns
  8385 | D:10     | Noticed Psyche
  8396 | D:10     | Killed Psyche
  8396 | D:10     | Reached skill level 12 in Axes
  8482 | D:10     | Found Nuax's General Store.
  8539 | D:10     | Noticed a two-headed ogre
  8551 | D:10     | Slain by a two-headed ogre

Skill      XL: |  1  2  3  4  5  6  7  8  9 10 11 |
---------------+----------------------------------+-----
Axes           | 3 4 5 6 8 10 11 12 | 12.0
Fighting       | 3 4 5 6 7 |  7.7
Armour         | 4 5 6 7 9 |  9.2
Shields        | 4 5 6 7 9 |  9.2

Action                   |  1- 3 |  4- 6 |  7- 9 | 10-12 || total
-------------------------+-------+-------+-------+-------++-------
Melee: War axe           |   108 |    48 |   207 |   258 ||   621
       Whip              |       |   298 |   336 |       ||   634
 Abil: Heal Wounds       |     1 |    10 |    16 |    13 ||    40
Evoke: Wand              |       |       |       |     1 ||     1
  Use: Scroll            |       |     8 |    10 |     1 ||    19
       Potion            |       |       |     5 |     3 ||     8
  Eat: Chunk             |     1 |     7 |     7 |     4 ||    19
       Ration            |       |       |     5 |     2 ||     7
Armor: Scale mail        |    46 |       |       |       ||    46
       Plate armour      |    62 |   263 |   268 |   105 ||   698
Dodge: Dodged            |    32 |    53 |    66 |    29 ||   180
Block: Shield            |   116 |   219 |   279 |   126 ||   740
